Map: Overgrown Facility

Players

Winthrowe

  • Race: Terran Terran
  • League: Silver
  • Spawn Location: 1:00

Nikitta

  • Race: Terran Terran
  • Spawn Location: 3:00

dvc

  • Race: Terran Terran
  • Spawn Location: 7:00

SaltyCupcake

  • Race: Zerg Zerg
  • Spawn Location: 9:00

VOD

Have the link to the VOD?

Description

Time

  • Played on: Sept. 3, 2017, 11:12 p.m.
  • Length: 12:36
Show
View Real Time Build Order
Export as new Build Order

Winthrowe Terran 

Build Orders:  

Get SALT Encoding   

  12  0:07  SCV  
  13  0:19  SCV  
  14  0:32  Supply Depot, SCV  
  15  0:41  Refinery  
  15  0:54  SCV  
  15  0:56  Barracks  
  16  1:06  SCV  
  17  1:18  SCV  
  18  1:30  SCV  
  19  1:42  SCV  
  20  1:48  Refinery  
  20  1:54  SCV  
  20  1:55  Supply Depot  
  21  2:06  SCV  
  22  2:18  SCV  
  23  2:24  Command Center  
  23  2:35  Orbital Command  
  23  2:47  Factory  
  23  2:54  Engineering Bay  
  23  3:09  Marine  
  24  3:26  Factory  
  24  3:27  Marine  
  24  3:30  SCV  
  26  3:37  SCV  
  27  3:42  SCV  
  27  3:45  Marine, Starport  
  29  3:49  SCV  
  29  3:54  SCV  
  31  4:00  Barracks  
  31  4:01  SCV  
  31  4:02  Factory Tech Lab  
  32  4:03  Marine  
  32  4:06  SCV  
  34  4:13  SCV  
  35  4:18  SCV  
  35  4:21  Barracks Tech Lab  
  36  4:25  SCV, Factory Reactor  
  36  4:31  Starport Reactor  
  39  4:45  Marauder  
  39  4:47  Marine  
  40  4:57  Siege Tank  
  43  5:05  Marine  
  46  5:07  Hellion  
  46  5:28  Orbital Command  
  46  5:42  Supply Depot  
  46  5:45  Supply Depot  
  46  5:47  Supply Depot  
  46  5:54  Supply Depot  
  46  6:04  Siege Tank, SCV, Hellion, Marauder  
  46  6:07  Marine, SCV, Medivac x2, Hellion  
  62  6:16  SCV  
  63  6:19  SCV  
  63  6:25  Marine  
  65  6:26  Marauder  
  65  6:28  SCV  
  65  6:31  SCV  
  69  6:36  Hellion  
  71  6:43  Barracks Reactor  
  71  6:45  Command Center  
  71  6:46  Medivac x2  
  75  6:47  Marauder  
  77  7:01  Refinery  
  77  7:03  Refinery  
  77  7:07  Supply Depot x2  
  77  7:09  Supply Depot  
  77  7:11  Supply Depot  
  77  7:28  Viking x2  
  77  7:29  Hellion, Marauder  
  85  7:30  Supply Depot  
  85  7:31  Supply Depot  
  85  7:34  Supply Depot  
  85  7:37  Supply Depot  
  85  7:50  Siege Tank  
  88  7:58  Orbital Command, Viking x2  
  92  8:06  Marauder  
  92  8:07  Marine x2  
  96  8:24  Marine  
  96  8:25  Marine  
  98  8:28  Viking x2, Marauder  
  104  8:39  Armory  
  104  8:42  Marine  
  104  8:43  Marine  
  106  8:49  Marauder  
  108  8:56  Supply Depot  
  108  8:57  Supply Depot  
  108  8:58  Supply Depot  
  108  9:00  Marine  
  108  9:01  Marine  
  112  9:03  Hellion x3  
  112  9:09  Infernal Pre-Igniter  
  116  9:10  Marauder  
  116  9:13  Combat Shields  
  118  9:20  Supply Depot  
  118  9:21  Supply Depot  
  118  9:22  Supply Depot  
  120  9:24  Hellion  
  120  9:27  Armory  
  120  9:32  Marauder  
  122  9:56  Hellbat  
  122  9:57  Hellbat x2  
  122  9:59  Marine  
  129  10:15  Armory  
  129  10:18  Hellbat x3  
  135  10:32  Stimpack  
  135  10:34  Marine x3  
  138  10:38  Command Center  
  138  10:39  Hellbat x2  
  138  10:42  Medivac x2  
  146  10:52  Marine x3  
  149  11:10  Marine x2  
  120  11:31  Marauder  
  120  11:32  Marine x2  
  63  11:36  Hellbat x3  
  65  11:40  Medivac  
  56  11:47  Medivac  
  56  11:49  Marine  
  56  11:50  Marine  
  56  11:52  Marauder  
  56  11:53  Planetary Fortress  
  62  11:57  Hellbat  
  62  11:58  Hellbat x2  
  68  12:02  Command Center  
  68  12:07  Marine  
  68  12:08  Marine  
  70  12:13  Marauder  
Show
View Real Time Build Order
Export as new Build Order

Nikitta Terran 

Build Orders:  

Get SALT Encoding   

Show
View Real Time Build Order
Export as new Build Order

dvc Terran 

Build Orders: MMM Bio 

Get SALT Encoding   

  12  0:01  SCV  
  13  0:13  SCV  
  14  0:21  Supply Depot  
  14  0:25  SCV  
  15  0:32  Refinery  
  15  0:42  SCV  
  16  0:46  Barracks  
  16  0:56  SCV  
  17  1:08  SCV  
  18  1:20  SCV  
  19  1:35  Command Center  
  19  1:39  Barracks Tech Lab  
  19  1:44  SCV  
  20  1:54  Factory  
  20  2:01  Marauder  
  22  2:08  Supply Depot  
  22  2:13  Concussive Shells  
  22  2:16  SCV  
  23  2:25  Refinery  
  23  2:33  Orbital Command  
  23  2:38  Factory Tech Lab  
  23  2:41  Marine  
  24  2:58  Siege Tank  
  24  3:00  SCV x2  
  31  3:06  Marauder  
  31  3:13  Engineering Bay  
  31  3:16  SCV  
  31  3:19  SCV  
  35  3:27  Marauder  
  35  3:29  SCV  
  36  3:37  Siege Tank  
  36  3:38  SCV  
  40  3:43  Missile Turret  
  40  3:51  Marine  
  40  3:53  SCV  
  42  3:56  Missile Turret, SCV  
  42  4:01  Stimpack  
  43  4:09  Orbital Command  
  43  4:15  Siege Tank  
  46  4:27  Supply Depot  
  46  4:34  Armory  
  46  4:44  Refinery  
  46  4:47  Refinery  
  46  4:48  Marine  
  46  4:49  SCV x2  
  49  4:58  Starport  
  49  5:01  SCV x2  
  49  5:06  Marine  
  52  5:08  Terran Infantry Weapons Level 1  
  52  5:13  SCV  
  53  5:22  SCV  
  54  5:31  Command Center  
  54  5:36  Starport Reactor  
  54  5:37  Supply Depot  
  54  5:43  Supply Depot  
  54  5:59  Marine, Siege Tank, SCV  
  59  6:07  SCV  
  60  6:11  SCV  
  60  6:12  Armory  
  60  6:13  Medivac  
  60  6:14  Medivac  
  60  6:16  Marine  
  66  6:19  SCV  
  67  6:27  SCV  
  68  6:37  Marine, Command Center  
  69  6:42  Thor  
  75  6:57  Combat Shields  
  75  6:59  SCV x2  
  77  7:04  Orbital Command  
  77  7:11  SCV x2  
  79  7:23  Terran Infantry Armor Level 1  
  79  7:28  SCV  
  79  7:29  SCV  
  81  7:40  Supply Depot  
  81  7:41  Supply Depot  
  81  7:42  Terran Vehicle And Ship Armor Level 1, Terran Vehicle Weapons Level 1  
  81  7:43  Supply Depot  
  81  7:48  Thor  
  81  7:50  Factory  
  87  7:55  Factory  
  87  8:02  Refinery  
  87  8:04  Refinery  
  87  8:10  Orbital Command  
  87  8:14  SCV x3  
  87  8:17  Marine  
  91  8:20  Engineering Bay  
  91  8:26  Barracks  
  91  8:27  Barracks  
  91  8:28  Barracks x2  
  91  8:33  SCV x3  
  94  8:43  Marine  
  94  8:44  Orbital Command  
  94  8:45  Factory Tech Lab  
  94  8:46  Factory Tech Lab  
  94  8:48  Thor  
  101  8:54  Supply Depot  
  101  8:55  Supply Depot  
  101  8:57  Supply Depot  
  101  9:01  Marine  
  102  9:03  Terran Infantry Weapons Level 2  
  102  9:06  SCV x2  
  102  9:08  SCV  
  105  9:16  SCV  
  106  9:20  Barracks Reactor x3  
  106  9:22  Barracks Reactor  
  106  9:28  SCV  
  106  9:29  Thor  
  113  9:32  SCV x3  
  113  9:37  Thor  
  122  9:40  SCV  
  122  9:45  Supply Depot  
  123  9:47  Terran Vehicle Weapons Level 2  
  123  9:49  Terran Vehicle And Ship Armor Level 2  
  123  9:50  Supply Depot  
  123  9:59  SCV x2  
  126  10:00  SCV  
  126  10:07  Thor, Refinery x2  
  126  10:11  Terran Infantry Armor Level 2  
  132  10:15  Thor  
  138  10:32  Thor  
  138  10:35  Marine x6  
  147  10:36  Marine x3  
  147  10:38  SCV x4  
  157  10:50  Thor  
  157  10:53  Starport  
  157  10:55  Starport  
  157  10:56  Marine, Command Center  
  157  10:57  Starport x2  
  164  11:08  Marine x5  
  164  11:09  SCV  
  170  11:21  SCV  
  162  11:33  SCV  
  162  11:34  Marine x3  
  162  11:35  Thor  
  162  11:36  Thor  
  162  11:37  Marine  
  179  11:45  SCV  
  180  11:58  Supply Depot  
  180  11:59  Supply Depot  
Show
View Real Time Build Order
Export as new Build Order

SaltyCupcake Zerg 

Build Orders: Hatch First 

Get SALT Encoding   

  12  0:01  Drone  
  13  0:11  Drone  
  14  0:24  Extractor, Drone  
  14  0:27  Overlord  
  15  0:47  Drone  
  16  0:55  Drone  
  17  0:59  Hatchery  
  16  1:04  Extractor  
  16  1:06  Drone  
  16  1:15  Spawning Pool  
  15  1:21  Drone  
  16  1:29  Drone x2  
  18  1:38  Overlord  
  18  1:45  Drone  
  19  2:01  Queen  
  19  2:02  Zergling x2  
  19  2:07  Metabolic Boost  
  22  2:11  Drone  
  22  2:13  Zergling x2  
  24  2:31  Drone  
  24  2:32  Baneling Nest  
  24  2:36  Zergling x2  
  25  2:38  Drone x2  
  25  2:42  Queen  
  29  2:47  Queen  
  31  2:52  Drone  
  31  2:58  Drone  
  33  3:00  Zergling x2  
  33  3:01  Zergling x2  
  33  3:05  Drone  
  36  3:17  Overlord  
  36  3:31  Lair  
  36  3:41  Extractor  
  36  3:42  Drone  
  36  3:44  Drone  
  36  3:47  Zergling x4  
  39  3:49  Baneling x4  
  39  3:50  Zergling x6  
  39  3:51  Zergling x2  
  43  3:57  Evolution Chamber  
  43  3:58  Drone  
  43  4:00  Overlord  
  43  4:05  Overlord  
  43  4:15  Drone  
  44  4:24  Drone x3  
  44  4:29  Centrifical Hooks  
  47  4:31  Zergling x4  
  47  4:32  Zergling x4  
  47  4:33  Baneling  
  47  4:35  Baneling  
  51  4:41  Drone x3  
  51  4:42  Extractor  
  53  4:46  Spore Crawler  
  53  4:47  Spore Crawler  
  53  4:48  Drone  
  53  4:51  Drone  
  53  4:57  Overlord  
  53  5:08  Drone x2  
  53  5:10  Drone x3  
  58  5:14  Drone  
  58  5:15  Extractor  
  58  5:16  Zerg Melee Weapons Level 1  
  58  5:22  Evolution Chamber  
  58  5:25  Drone x2  
  58  5:28  Drone x2  
  61  5:32  Drone x2  
  63  5:42  Overlord  
  63  5:44  Zergling x4  
  63  5:47  Drone x2  
  63  5:49  Overlord  
  67  5:58  Zerg Ground Armor Level 1  
  67  6:05  Infestation Pit  
  66  6:23  Drone  
  66  6:25  Hatchery  
  66  6:36  Spore Crawler, Drone  
  66  6:40  Spore Crawler, Drone  
  66  6:42  Overlord  
  66  6:45  Hive  
  67  6:47  Zergling x8  
  67  6:48  Zergling x2  
  67  6:49  Baneling x4  
  71  7:11  Baneling x2  
  71  7:12  Baneling  
  71  7:14  Zergling x10  
  76  7:18  Zerg Melee Weapons Level 2  
  76  7:31  Zergling x8  
  76  7:32  Zergling x4  
  76  7:34  Baneling x3  
  76  7:35  Baneling  
  82  7:38  Queen  
  82  7:39  Drone  
  85  7:58  Ultralisk Cavern  
  85  8:02  Spire  
  85  8:03  Zerg Ground Armor Level 2  
  83  8:06  Drone x2  
  83  8:10  Overlord x4  
  85  8:24  Drone x2  
  87  8:28  Adrenal Glands  
  87  8:30  Hatchery  
  86  8:51  Chitinous Plating  
  86  8:56  Drone x4  
  86  8:57  Drone  
  91  9:23  Drone x2  
  91  9:24  Drone x3  
  96  9:27  Spore Crawler  
  96  9:29  Extractor  
  96  9:30  Extractor  
  93  9:39  Zerg Flyer Armor Level 1  
  93  9:40  Zerg Melee Weapons Level 3  
  93  9:41  Zergling x2  
  93  9:42  Zergling x14  
  93  9:44  Overlord x5  
  101  9:47  Drone  
  101  9:48  Queen  
  101  9:51  Drone x3  
  107  9:54  Drone x3  
  110  10:12  Drone x2  
  112  10:14  Overlord  
  112  10:15  Overlord x3  
  112  10:25  Drone  
  113  10:35  Ultralisk x3  
  131  10:44  Drone  
  132  10:50  Ultralisk x2  
  123  11:29  Zergling x8  
  123  11:30  Zergling x14  
  123  11:31  Zergling x14  
  123  11:32  Zergling x14  
  132  11:33  Zergling x10  
  133  12:08  Zergling x8  
  158  12:09  Zergling x4  
Tags
 
Add a new tag
Caveats
  • Supply blocks, unpowered buildings, or Contaminate may cause inaccurate times.
  • Supply counts are checked every 10 seconds.